 Dungeon Crawl Stone Soup version 0.30-a0-381-g6ea064c7b4 (webtiles) character file.

Game seed: 6746660263273404677

161 PyroL the Grave Robber (level 5, 0/35 HPs)
             Began as a Demonspawn Necromancer on Dec 1, 2022.
             Slain by a gnoll
             ... wielding a +0 spear
             ... led by a gnoll bouda
              (3 damage)
             ... on level 4 of the Dungeon.
             The game lasted 00:04:05 (2959 turns).

PyroL the Grave Robber (Demonspawn Necromancer)     Turns: 2959, Time: 00:04:06

Health: 0/35       AC:  9    Str:  8    XL:     5   Next: 19%
Magic:  3/9        EV: 12    Int: 18    God:
Gold:   98         SH:  4    Dex: 14    Spells: 6/10 levels left

rFire   . . .      SeeInvis .    r - +4 quarterstaff (chaos)
rCold   . . .      Faith    .    (shield currently unavailable)
rNeg    . . .      Spirit   .    a - +0 robe
rPois   .          Reflect  .    (no helmet)
rElec   .          Harm     .    e - +0 cloak
rCorr   .          Rampage  .    (no gloves)
Will    .....                    (no boots)
Stlth   ++........               (no amulet)
HPRegen 0.25/turn                (no ring)
MPRegen 0.11/turn                (no ring)

@: no status effects
A: thin metallic scales 1, icemail 1, condensation shield
a: no special abilities


You were on level 4 of the Dungeon.
You visited 1 branch of the dungeon, and saw 4 of its levels.

You collected 98 gold pieces.

Inventory:

Hand Weapons
 r - a +4 quarterstaff of chaos (weapon)
Missiles
 i - 7 atropa-tipped darts
Armour
 a - a +0 robe (worn)
 e - a +0 cloak (worn)
Scrolls
 c - 3 scrolls of identify {unknown}
 d - 2 scrolls of enchant armour {unknown}
 f - a scroll of noise {unknown}
 g - 2 scrolls of teleportation {unknown}
 j - a scroll of silence {unknown}
 k - 2 scrolls of butterflies {unknown}
 m - 2 scrolls of fear {unknown}
 p - a scroll of poison {unknown}
Potions
 b - a potion of magic
 h - a potion of cancellation {unknown}
 l - a potion of heal wounds {unknown}
 n - a potion of curing {unknown}
 o - a potion of flight {unknown}


   Skills:
 + Level 2.8 Dodging
 + Level 3.0 Stealth
 + Level 3.0 Spellcasting
 + Level 5.2 Necromancy


You had 6 spell levels left.
You knew the following spells:

 Your Spells              Type           Power      Damage    Failure   Level
a - Necrotise             Necr           84%        1d8       1%          1
b - Vampiric Draining     Necr           21%        2d7       5%          3

Your spell library contained the following spells:

 Spells                   Type           Power      Damage    Failure   Level
 Animate Dead             Necr           21%        N/A       19%         4
 Agony                    Necr           21%        N/A       45%         5


Dungeon Overview and Level Annotations

Branches:
Dungeon (4/15)
 Temple: D:4-7

Altars:

Shops:
D:3 [


Innate Abilities, Weirdness & Mutations

You are partially covered in thin metallic scales. (AC +2)
A meltable icy envelope protects you from harm. (AC +4)
A meltable shield of frost defends you. (SH +4)


Message History

The gnoll closely misses you. The gnoll hits you but does no damage.
You block the gnoll's attack. The gnoll misses you.
You hit the gnoll.
The gnoll is severely wounded.
The gnoll hits you from afar with a +0 spear.
The gnoll closely misses you.
You hit the gnoll. Lightning courses through the gnoll!
You kill the gnoll!
Your attacks no longer feel as feeble.
The gnoll hits you from afar with a +0 spear.
* * * LOW HITPOINT WARNING * * *
The iguana bites you but does no damage.
You hit the iguana but do no damage.
The iguana is poisoned.
You block the gnoll's attack. The iguana bites you.
* * * LOW HITPOINT WARNING * * *
You block the gnoll's attack.
You hit the iguana. You burn the iguana.
The iguana is severely wounded.
The gnoll is no longer moving quickly.
You block the iguana's attack. The gnoll hits you but does no damage.
You closely miss the iguana.
The iguana is severely wounded.
The iguana barely misses you. The gnoll completely misses you.
You block the iguana's attack.
You hit the iguana.
The iguana is almost dead.
The gnoll hits you from afar with a +0 spear.
* * * LOW HITPOINT WARNING * * *
The iguana bites you!
* * * LOW HITPOINT WARNING * * *
Casting: Necrotise (safe; 1% risk of failure)
Confirm with . or Enter, or press ? or * to list all spells.
Aiming: Vampiric Draining (dangerous; 5% risk of failure)
Press: ? - help, Shift-Dir - straight line, f - iguana
Aim: an iguana (almost dead, very poisoned)
You draw life force from the iguana!
You kill the iguana!
You feel life coursing into your body.
The gnoll hits you from afar with a +0 spear.
You die...

###############
#....<..##g...#
#.......@).#...gg.
#.......##.# .####
#.......##.# #
######+#####


You could see a gnoll.

Vanquished Creatures
  Crazy Yiuf (D:3)
  A gnoll bouda (D:4)
  An iguana (D:4)
  3 adders
  2 gnolls (D:4)
  A dart slug (D:3)
  An orc (D:3)
  9 endoplasms
  3 giant cockroaches
  6 hobgoblins
  4 quokkas
  4 ball pythons
  5 bats
  2 frilled lizards (D:2)
  4 goblins
  5 kobolds
  A rat (D:2)
53 creatures vanquished.

Vanquished Creatures (others)
  A fungus (D:3)
1 creature vanquished.

Grand Total: 54 creatures vanquished

Notes
Turn   | Place    | Note
-------+----------+-------------------------------------------
     0 | D:1      | PyroL the Demonspawn Necromancer began the quest for the
                  | Orb.
     0 | D:1      | Reached XP level 1. HP: 13/13 MP: 3/3
   291 | D:1      | Gained mutation: You are partially covered in thin metallic
                  | scales. (AC +2) [demonic ancestry]
   291 | D:1      | Reached XP level 2. HP: 17/19 MP: 1/5
  1137 | D:2      | Gained mutation: A meltable shield of frost defends you.
                  | (SH +4) [demonic ancestry]
  1137 | D:2      | Reached XP level 3. HP: 24/24 MP: 3/6
  1935 | D:3      | Learned a level 3 spell: Vampiric Draining
  2142 | D:3      | Reached XP level 4. HP: 28/30 MP: 2/7
  2163 | D:3      | Found a faded altar of an unknown god.
  2343 | D:3      | Found Hyezaa Myth's Antique Armour Boutique.
  2677 | D:3      | Found a runed translucent door.
  2794 | D:3      | Noticed Crazy Yiuf
  2803 | D:3      | Killed Crazy Yiuf
  2804 | D:3      | Reached skill level 5 in Necromancy
  2948 | D:4      | Gained mutation: A meltable icy envelope protects you from
                  | harm. (AC +4) [demonic ancestry]
  2948 | D:4      | Reached XP level 5. HP: 23/35 MP: 5/9
  2959 | D:4      | Slain by a gnoll

Illustrated notes

Levels and vault maps discovered:
D:1:      dpeg_arrival_tiny_b, layout_loops_ring, roderic_serpentine_path,
          glass_columns_a, minmay_statues_item
D:2:      layout_loops_ring, nrook_mini_vaults
D:3:      layout_basic, serial_shops, shop_fountains,
          hellmonk_ecumenical_altar_blasted, uniq_crazy_yiuf_cottage
D:4:      layout_basic, nicolae_wu_jian_immortal_techniques,
          nicolae_qazlal_scattered_showers, mainiacjoe_overflow_brackets,
          st_stairs_8, kennysheep_potato, uniq_menkaure

Skill      XL: |  1  2  3  4  5 |
---------------+----------------+-----
Stealth        | 2 3 |  3.0
Dodging        | 2 |  2.8
Necromancy     | 5 |  5.2
Spellcasting   | 3 |  3.0

Action                   |  1- 3 |  4- 6 || total
-------------------------+-------+-------++-------
Melee: Rapier            |    49 |    23 ||    72
       Club              |     3 |       ||     3
       Quarterstaff      |       |    18 ||    18
       Trident           |       |     2 ||     2
       Punch             |       |     1 ||     1
 Cast: Necrotise         |    61 |    15 ||    76
       Vampiric Draining |       |     2 ||     2
Armor: Robe              |    22 |    12 ||    34
Dodge: Dodged            |    36 |    25 ||    61
Block: Other             |     5 |    18 ||    23

Table legend: (Time is in decaauts)
 A = Elapsed time spent in this place.
 B = Non-inter-level travel time spent in this place.
 C = Inter-level travel time spent in this place.
 D = Time resting spent in this place.
 E = Time spent auto-exploring this place.
 F = Levels seen in this place.
 G = Mean time per level.
                   A        B        C        D        E       F      G
               +--------+--------+--------+--------+--------+-----+--------+
         Total |   2977 |   2888 |     89 |    148 |   2308 |   4 |  744.2 |
       Dungeon |   2977 |   2888 |     89 |    148 |   2308 |   4 |  744.2 |
               +--------+--------+--------+--------+--------+-----+--------+

Top non-repeatable levels by time:
     D:1: 1059 daAuts
     D:3: 1030 daAuts
     D:2: 850 daAuts
     D:4: 37 daAuts
